cohdb
Replays
Latest Replays
All Replays
Popular Replays
Top Player Replays
Match Explorer
How It Works
Community
CoH3 Stats
Reddit
Sign in to upload your games and track your stats! →
Sign in with Steam
Match 41738136
Unlisted
Match 41738136
Overview
Messages
Build Orders
End
Construct Barracks
Selects Heavy Weapons
1⁄4-ton 4x4 Truck
Riflemen Squad
Riflemen Squad
Riflemen Squad
Infantry Support Center
Construct Weapon Support Center
M3 Armored Personnel Carrier
Selects Assault Carriers
M3 Assault Carrier
Engineer Squad
Construct Tank Depot
Selects Exchangeable Parts
Nefris
(かわいいは正義)Reirisu
Gravey
Pops
Mee Mee Cute
Anti-Something Squad
Earthdog
Joker
0
0
Comments
sign in to comment!
No comments posted yet!